 Dungeon Crawl Stone Soup version 0.10.4 character file.

608 Antunes the Ruinous (level 6, -3/46 HPs)
             Began as a Draconian Conjurer on June 11, 2013.
             Was a Believer of Ashenzari.
             Splashed by acid (12 damage)
             ... on Level 5 of the Dungeon on June 12, 2013.
             The game lasted 01:24:59 (5464 turns).

Antunes the Ruinous (Draconian Conjurer)            Turns: 5464, Time: 01:25:00

HP  -3/46        AC  6     Str 11      XL: 6   Next: 56%
MP  10/10        EV 12     Int 17      God: Ashenzari [**....]
Gold 208         SH  0     Dex 11      Spells:  4 memorised,  1 level left

Res.Fire  : . . .   See Invis. : .   q - +0,-1 trident (curse)
Res.Cold  : . . .   Warding    : . . (armour unavailable)
Life Prot.: . . .   Conserve   : .   (no shield)
Res.Acid. : . . .   Res.Corr.  : .   (helmet restricted)
Res.Poison: .       Clarity    : .   (no cloak)
Res.Elec. : .       Spirit.Shd : .   R - -1 pair of gloves
Sust.Abil.: . .     Stasis     : .   (no boots)
Res.Mut.  : .       Ctrl.Telep.: .   (no amulet)
Res.Rott. : .       Levitation : .   (no ring)
Saprovore : . . .   Ctrl.Flight: +   z - ring of levitation

@: slightly resistant to hostile enchantments, fairly stealthy
A: unfitting armour
a: Renounce Religion, Evoke Levitation


You were on level 5 of the Dungeon.
You worshipped Ashenzari.
Ashenzari was most pleased with you.
You were not hungry.

You visited 1 branch of the dungeon, and saw 5 of its levels.
You visited 1 portal chamber: sewer.

You collected 188 gold pieces.

Inventory:

Hand weapons
 d - a +0,+0 sling
 g - a +0,+0 club (quivered)
 k - a +0,+1 spear
 n - a +0,+1 orcish club
 o - a +0,+0 dagger
 q - a cursed +0,-1 trident (weapon)
 u - a +0,+1 orcish dagger
 w - a -1,+1 orcish club
 x - a +2,+0 spear
 y - a +0,+0 club
 A - a +1,+0 sling
 G - a +0,+0 dagger
 H - a +0,+0 bow
Missiles
 j - 28 +0 darts
 C - 18 +1 arrows
 I - 13 +0 arrows of frost
 L - a +0 arrow
Armour
 r - a +0 pair of gloves
 v - a +0 pair of gloves
 R - a -1 pair of gloves (worn)
Comestibles
 b - 2 bread rations
 f - 4 meat rations
Scrolls
 a - 3 scrolls of identify
 e - 2 scrolls of recharging {unknown}
 i - 3 scrolls of detect curse
 t - 2 scrolls of enchant armour {unknown}
 E - 3 scrolls of blinking
 F - 3 scrolls of remove curse
 J - 2 scrolls of fog
 Q - a scroll of enchant weapon II {unknown}
Jewellery
 z - a ring of levitation (left hand)
Potions
 h - a potion of restore abilities
 l - 4 potions of heal wounds
 s - a potion of poison
 B - 2 potions of curing
 D - a potion of resistance {unknown}
 O - 3 potions of magic {unknown}
Books
 c - a book of Conjurations

   Spells                             Type                      Level
   *Magic Dart                        Conjuration                  1
   *Throw Frost                       Conjuration/Ice              2
   *Mephitic Cloud                    Conjuration/Poison/Air       3
   Lightning Bolt                     Conjuration/Air              5
   Bolt of Cold                       Conjuration/Ice              6
   Freezing Cloud                     Conjuration/Ice/Air          6
 p - Ashenzari's Handbook of Culinary Necromancy
   (You found it on level 2 of the Dungeon)

   Spells                             Type                      Level
   *Animate Skeleton                  Necromancy                   1


   Skills:
 + Level 2.5 Fighting
 + Level 2.5(5.0) Polearms
 + Level 0.1 Throwing
 + Level 2.8 Dodging
 * Level 2.9 Stealth
 * Level 0.2 Stabbing
 * Level 2.4 Traps & Doors
 * Level 1.1 Unarmed Combat
 * Level 1.9 Spellcasting
 * Level 4.9 Conjurations
 * Level 1.7 Necromancy
 * Level 1.0 Ice Magic
 * Level 1.1 Evocations


You had one spell level left.
You knew the following spells:

 Your Spells              Type           Power        Failure   Level  Hunger
a - Magic Dart            Conj           ####.        2%          1    Strawberry
b - Animate Skeleton      Necr           N/A          12%         1    Strawberry
c - Throw Frost           Ice/Conj       ###....      12%         2    Choko
d - Mephitic Cloud        Pois/Air/Conj  ##.......    30%         3    Honeycomb

Dungeon Overview and Level Annotations

Branches:
Dungeon (5/27)
 Temple: D:4-7

Altars:
Ashenzari
Fedhas
Sif Muna


Message History

The jelly hits you but does no damage.
You barely miss the jelly.
The jelly is moderately wounded.
The jelly hits you but does no damage.
You puncture the jelly!
The jelly is heavily wounded.
The jelly hits you.
You are splashed with acid!
The acid corrodes your +0 pair of gloves!
The acid burns!
You hit the jelly.
The jelly is heavily wounded.
The jelly hits you.
You are splashed with acid!
The acid burns!
You hit the jelly.
The acid corrodes your cursed +0,+0 trident!
You tail-slap the jelly.
The jelly is severely wounded.
The jelly hits you.
* * * LOW HITPOINT WARNING * * *
You are splashed with acid!
The acid burns!
You die...

,,, * #.* * ,####
*J# * <....* .# ,
#..... .# * #.....*
*.# #.....* .#
#.....* *.#
#....)#####.#######
#.....)@J.<........
###########.#######
.# * g# * .# .# ,
.# * .# * , , . ,


You could see a jelly.

Vanquished Creatures
  A centaur (D:3)
  An orc priest (D:4)
  A hound (D:4)
  An iguana (D:4)
  A worker ant (D:4)
  Ijyb (D:3)
  4 adders
  A green rat (Port)
  2 giant mites (D:4)
  3 worms
  6 grey rats (Port)
  An ooze (D:2)
  10 orcs
  5 bats
  3 giant cockroaches
  8 goblins
  13 hobgoblins
  9 jackals (D:3)
  7 kobolds
  5 quokkas
  8 ball pythons
  9 giant newts
  A hobgoblin skeleton (D:4)
  7 rats
  2 toadstools
110 creatures vanquished.

Vanquished Creatures (collateral kills)
  A worm (D:2)
  A grey rat (Port)
  An orc (D:4)
  A ball python (D:4)
  A giant cockroach (D:4)
  A giant newt (Port)
  4 rats
10 creatures vanquished.

Vanquished Creatures (others)
  A kobold (D:4)
  A ball python skeleton (Port)
  3 giant newt skeletons
  A grey rat skeleton (Port)
  3 hobgoblin skeletons
  3 jackal skeletons (D:3)
  A kobold skeleton (D:4)
  2 orc skeletons (D:4)
  2 quokka skeletons (D:2)
  3 rat skeletons
  A bush (D:3)
  3 toadstools
24 creatures vanquished.

Grand Total: 144 creatures vanquished

Notes
Turn   | Place    | Note
--------------------------------------------------------------
     0 | D:1      | Antunes, the Draconian Conjurer, began the quest for the Orb.
     0 | D:1      | Reached XP level 1. HP: 14/14 MP: 3/3
   610 | D:1      | Reached XP level 2. HP: 20/20 MP: 4/4
   901 | D:1      | Reached skill level 1 in Fighting
  1074 | D:1      | Reached skill level 1 in Traps & Doors
  1235 | D:2      | Found a shattered altar of Ashenzari.
  1243 | D:2      | Got a colourful book
  1272 | D:2      | Became a worshipper of Ashenzari the Shackled
  1273 | D:2      | Identified Ashenzari's Handbook of Culinary Necromancy (You found it on level 2 of the Dungeon)
  1276 | D:2      | Learned a level 1 spell: Animate Skeleton
  1370 | D:2      | Reached XP level 3. HP: 26/26 MP: 0/5
  1955 | D:2      | Learned a level 2 spell: Throw Frost
  2143 | D:3      | Noticed Ijyb
  2173 | D:3      | Killed Ijyb
  2173 | D:3      | Reached XP level 4. HP: 10/33 MP: 5/7
  2797 | D:3      | Found a blossoming altar of Fedhas.
  2905 | D:3      | Reached skill level 1 in Necromancy
  2905 | D:3      | Reached XP level 5. HP: 16/39 MP: 9/9
  4047 | D:4      | Reached XP level 6. HP: 35/46 MP: 7/10
  4133 | D:4      | Found a deep blue altar of Sif Muna.
  4274 | D:4      | Reached skill level 1 in Evocations
  4522 | D:4      | Found a glowing drain.
  4625 | D:4      | Learned a level 3 spell: Mephitic Cloud 4626
                  | sewer
                  | Entered the sewers 4752
                  | sewer
                  | Reached skill level 1 in Unarmed Combat 5021
                  | sewer
                  | Reached skill level 1 in Ice Magic 5038
                  | sewer
                  | Acquired Ashenzari's first power
  5416 | D:5      | Entered Level 5 of the Dungeon
  5464 | D:5      | Splashed by acid
